 Dungeon Crawl Stone Soup version 0.28-a0-819-g6ef7baa362 (webtiles) character file.

Game seed: 8931218904222642323

2227 flotson the Ducker (level 9, 0/65 HPs)
             Began as a Djinni Gladiator on Nov 8, 2021.
             Was an Initiate of Gozag.
             Killed by divine providence
             ... invoked by an orc priest
              (16 damage)
             ... on level 8 of the Dungeon on Nov 9, 2021.
             The game lasted 00:20:50 (10731 turns).

flotson the Ducker (Djinni Gladiator)              Turns: 10731, Time: 00:20:51

Health: 0/65       AC:  8    Str: 16    XL:     9   Next: 62%
Gold:   660        EV: 15    Int: 10    God:    Gozag SH:  5 Dex: 15

rFire   + + .      SeeInvis .   b - +2 dagger (drain)
rCold   x . .      Faith    .   k - +0 buckler {AC+3}
rNeg    . . .      Spirit   .   i - +2 robe {Will+}
rPois   ∞          Reflect  .   o - +0 helmet
rElec   .          Harm     .   (no cloak)
rCorr   .          Rampage  .   (no gloves)
Will    +....                   (boots unavailable)
Stlth   +.........              (no amulet)
HPRegen 0.20/turn               v - ring of wizardry
MPRegen 0.00/turn               (no ring)

@: flying
A: sickness immunity, fire resistance 2, cold vulnerability 1, float, innate
caster, hp casting, extra vitality 1
a: Renounce Religion, Potion Petition, Call Merchant, Bribe Branch


You were on level 8 of the Dungeon.
You worshipped Gozag.
Gozag was pleased with you.
You visited 2 branches of the dungeon, and saw 9 of its levels.
You also visited: Ossuary.

You collected 778 gold pieces.
You paid 118 gold pieces to Gozag.

Inventory:

Hand Weapons
 a - a +4 short sword
 b - a +2 dagger of draining (weapon)
Missiles
 d - a throwing net (quivered)
 C - 45 sling bullets
Armour
 i - a +2 robe of willpower (worn)
 k - a +0 buckler of protection (worn)
 o - a +0 helmet (worn)
 B - the +1 leather armour of the Fiend {rElec rCorr Str-2 Dex+8}
   (You found it on level 7 of the Dungeon)

   Str:       It affects your strength (-2).
   Dex:       It affects your dexterity (+8).
   rElec:     It insulates you from electricity.
   rCorr:     It protects you from acid and corrosion.
Jewellery
 v - a ring of wizardry (left hand)
 x - a +6 ring of dexterity
Wands
 y - a wand of mindburst (11)
Scrolls
 e - 4 scrolls of enchant armour {unknown}
 f - 2 scrolls of magic mapping {unknown}
 h - a scroll of amnesia {unknown}
 j - a scroll of blinking {unknown}
 l - 2 scrolls of teleportation {unknown}
 m - a scroll of acquirement {unknown}
 u - a scroll of enchant weapon {unknown}
 w - a scroll of holy word {unknown}
Potions
 c - 6 potions of curing
 g - a potion of resistance {unknown}
 n - 4 potions of attraction
 p - a potion of lignification {unknown}
 q - 3 potions of brilliance
 r - a potion of invisibility {unknown}
 s - 3 potions of might
 t - 3 potions of haste {unknown}
 z - a potion of magic {unknown}
 A - a potion of heal wounds {unknown}


   Skills:
 + Level 5.2 Fighting
 - Level 2.6 Long Blades
 + Level 4.4 Throwing
 + Level 4.7 Armour
 + Level 6.3 Dodging
 - Level 4.0 Shields
 + Level 3.3 Spellcasting
 + Level 2.5 Evocations


You had 5 spell levels left.
You knew the following spells:

 Your Spells              Type           Power      Damage    Failure   Level
a - Foxfire               Conj/Fire      32%        2x1d5     2%          1
b - Static Discharge      Conj/Air       8%         N/A       4%          2
c - Wereblood             Tmut           8%         N/A       4%          2
d - Flame Wave            Conj/Fire      8%         3d4       26%         4
Your spell library was empty.

Dungeon Overview and Level Annotations

Branches:
Dungeon (8/15)             Temple (1/1) D:6         Ossuary (visited)
   Lair: D:8-11

Altars:
Ashenzari
Cheibriados
Dithmenos
Elyvilon
Gozag
Hepliaklqana
Kikubaaqudgha
Makhleb
Nemelex Xobeh
Okawaru
Qazlal
Ru
Sif Muna
Uskayaw
Wu Jian
Xom
Yredelemnul
Zin
The Shining One

Annotations:
D:8 Gastronok


Innate Abilities, Weirdness & Mutations

You are immune to sickness and miasma.
You are immune to poison.
Your flesh is very heat resistant. (rF++)
You are vulnerable to cold. (rC-)
You float through the air rather than walking.
You learn spells naturally, not from books.
Your magical power is your life essence.
You have superior vitality. (+4 HP)


Message History

Cast which spell? (? or * to list)
Okay, then.
Aiming: Mindburst
Press: ? - help, Shift-Dir - straight line, f - wight
Aim: a wight, wielding a +1 long sword and wearing a +0 robe (severely damaged, chance to affect: 75%)
The wight struggles to resist.
The wight hits you with a +1 long sword.
* * * LOW HITPOINT WARNING * * *
Aiming: Mindburst
Press: ? - help, Shift-Dir - straight line, f/p - wight
Aim: a wight, wielding a +1 long sword and wearing a +0 robe (severely damaged, chance to affect: 75%)
The wight's mind is blasted!
You blow up the wight!
Things that are here:
a +1 long sword; a +0 robe; a scroll of identify A bullfrog comes into view.
The bullfrog moves out of view.
The red ugly thing misses you.
Okay, then.
Found a ring mail.
The red ugly thing tail-slaps you but does no damage.
Okay, then.
Unknown command.
The red ugly thing completely misses you.
The red ugly thing closely misses you. The red ugly thing misses you.
The orc priest shouts!
The orc shouts!
The orc throws a boomerang.
The boomerang barely misses you.
The orc priest mumbles some strange prayers to Beogh against you.
Beogh smites you!
* * * LOW HITPOINT WARNING * * *
The orc priest looks braver for a moment.
The orc throws a boomerang.
The boomerang hits you but does no damage.
The orc priest completely misses you.
There is an escape hatch in the ceiling here.
The orc priest calls down the wrath of Beogh upon you.
Beogh smites you!
You die...
Your body crumbles into a pile of gold.

..............##
...............#
.............######
..................##
................>..#
..................##
................### .
#.$...........####
... #.#.@...........#
...##.#.#...).......#
#..#.#.#ou.###.....#
$
##......o...####.####
........o#...#####
#.......###...#
.........##.###
#........#...#
.[..........##


You could see a red ugly thing and an orc priest.

Vanquished Creatures
  Sigmund (D:4)
  2 wyverns
  4 ogres
  2 centaurs
  An elf zombie (Ossuary)
  2 bullfrogs
  2 scorpions
  A wight (D:8)
  A howler monkey (D:8)
  A hound (D:7)
  A centaur zombie (D:7)
  A human zombie (Ossuary)
  4 jellies
  3 orc priests
  2 centaur skeletons
  4 iguanas
  Jessica (D:1)
  Terence (D:2)
  3 orc wizards
  A killer bee zombie (D:7)
  2 hound zombies
  A howler monkey zombie (D:6)
  5 mummies
  Robin (D:3)
  7 adders
  A worm (D:3)
  3 dart slugs
  14 orcs
  2 bats
  5 endoplasms
  4 giant cockroaches
  18 goblins
  9 hobgoblins
  8 jackals
  2 quokkas
  8 ball pythons
  2 frilled lizards
  3 goblin zombies
  2 hobgoblin zombies (Ossuary)
  6 kobolds
  4 orc zombies
  3 rats
  2 rat zombies (Ossuary)
150 creatures vanquished.

Vanquished Creatures (others)
  54 foxfires
  2 plants (D:1)
56 creatures vanquished.

Grand Total: 206 creatures vanquished

Notes
Turn   | Place    | Note
-------+----------+-------------------------------------------
     0 | D:1      | flotson the Djinni Gladiator began the quest for the Orb.
     0 | D:1      | Reached XP level 1. HP: 18/18 MP: 0/0
   252 | D:1      | Reached XP level 2. HP: 23/23 MP: 0/0
   797 | D:1      | Reached XP level 3. HP: 20/29 MP: 0/0
   797 | D:1      | Learned a level 1 spell: Foxfire
   799 | D:1      | Reached skill level 1 in Armour
  1587 | D:2      | Noticed Jessica
  1587 | D:2      | Noticed Terence
  1604 | D:1      | Killed Jessica
  1605 | D:1      | Reached XP level 4. HP: 16/34 MP: 0/0
  2190 | D:2      | Killed Terence
  2191 | D:2      | Reached skill level 4 in Dodging
  2520 | D:2      | Found a faded altar of an unknown god.
  2568 | D:2      | Reached XP level 5. HP: 40/40 MP: 0/0
  2568 | D:2      | Learned a level 2 spell: Static Discharge
  3110 | D:3      | Reached skill level 1 in Shields
  3110 | D:3      | Reached skill level 1 in Spellcasting
  3315 | D:3      | Noticed Robin
  3346 | D:3      | Killed Robin
  3347 | D:3      | Reached XP level 6. HP: 34/46 MP: 0/0
  3618 | D:3      | Noticed an ogre
  3639 | D:3      | Killed an ogre
  4021 | D:4      | Identified the +1 chain mail of Hepliaklqana's Anger {rElec
                  | rN+}
  4172 | D:4      | Noticed an ogre
  4177 | D:4      | Killed an ogre
  4178 | D:4      | Reached XP level 7. HP: 50/50 MP: 0/0
  4178 | D:4      | Learned a level 2 spell: Wereblood
  4261 | D:4      | Noticed Sigmund
  4287 | D:4      | Killed Sigmund
  5348 | D:5      | Entered Level 5 of the Dungeon
  5395 | D:5      | Noticed a wyvern
  5401 | D:5      | Killed a wyvern
  5402 | D:5      | Reached skill level 5 in Dodging
  5402 | D:5      | Reached XP level 8. HP: 49/58 MP: 0/0
  6208 | D:5      | Noticed a troll
  7141 | D:6      | Found a staircase to the Ecumenical Temple.
  7150 | Temple   | Entered the Ecumenical Temple
  7159 | Temple   | Became a worshipper of Gozag Ym Sagoz the Greedy
  7472 | D:7      | Found a sand-covered staircase.
  7487 | Ossuary  | Entered an ossuary
  7713 | Ossuary  | Reached skill level 1 in Evocations
  7713 | Ossuary  | Reached XP level 9. HP: 27/63 MP: 0/0
  7713 | Ossuary  | Learned a level 4 spell: Flame Wave
  8106 | Ossuary  | Identified the +1 chain mail of Poor Excuses {Rampage rCorr
                  | Dex-3}
  8681 | D:7      | Reached skill level 6 in Dodging
  8869 | D:7      | Identified the +1 leather armour of the Fiend {rElec rCorr
                  | Str-2 Dex+8}
  9315 | D:7      | Reached skill level 5 in Fighting
 10205 | D:8      | Found a shimmering altar of Xom.
 10527 | D:8      | Noticed Gastronok
 10680 | D:8      | Noticed a red ugly thing
 10731 | D:8      | Killed from afar by an orc priest

Illustrated notes

Levels and vault maps discovered:
D:1:      roderic_crossed_star, layout_loops_ring, serial_forest,
          infiniplex_forest_clump_diagonal, infiniplex_forest_clump_cross,
          infiniplex_forest_end_3, infiniplex_forest_pool,
          infiniplex_forest_corner_2, infiniplex_forest_lined_room_, st_stairs_1
D:2:      layout_loops_ring, hellmonk_ecumenical_altar_inner_sanctum,
          uniq_jessica, uniq_terence
D:3:      wad_river_or_something, layout_basic, amethyst_killhole, uniq_robin
D:4:      minmay_spotlight, layout_loops_ring, uniq_sigmund
D:5:      layout_loops_ring
D:6:      layout_gridville, temple_hall
D:7:      layout_basic, nicolae_ossuary_entry_giza
D:8:      layout_cave_pools, kennysheep_little_box,
          mainiacjoe_overflow_alcove_1, david_lair_generic, uniq_harold,
          uniq_gastronok
Temple:   nicolae_temple_no_exploring_needed

Skill      XL: |  1  2  3  4  5  6  7  8  9 |
---------------+----------------------------+-----
Armour         | 1 2 3 4 |  4.7
Throwing       | 2 3 4 |  4.4
Dodging        | 4 5 6 |  6.3
Shields        | 1 2 3 4 |  4.0
Spellcasting   | 1 2 3 |  3.3
Fighting       | 3 4 5 |  5.2
Evocations     | 1 2 |  2.5
Long Blades    | |  2.6

Action                   |  1- 3 |  4- 6 |  7- 9 || total
-------------------------+-------+-------+-------++-------
Melee: Long sword        |    95 |    82 |       ||   177
       Short sword       |       |   128 |    20 ||   148
       Dagger            |       |       |   448 ||   448
Throw: Throwing net      |       |       |     3 ||     3
 Cast: Foxfire           |       |     7 |    34 ||    41
       Wereblood         |       |       |     7 ||     7
       Static Discharge  |       |       |     7 ||     7
Evoke: Wand              |       |       |     2 ||     2
  Use: Scroll            |       |       |     6 ||     6
       Potion            |       |       |     1 ||     1
 Stab: Sleeping          |       |     4 |     2 ||     6
       Held in net/web   |       |       |     1 ||     1
Armor: Leather armour    |    26 |       |       ||    26
       Robe              |       |    72 |   135 ||   207
Dodge: Dodged            |    60 |   132 |   290 ||   482
Block: Buckler           |       |    23 |    97 ||   120

Table legend: (Time is in decaauts)
 A = Elapsed time spent in this place.
 B = Non-inter-level travel time spent in this place.
 C = Inter-level travel time spent in this place.
 D = Time resting spent in this place.
 E = Time spent auto-exploring this place.
 F = Levels seen in this place.
 G = Mean time per level.
                   A        B        C        D        E       F      G
               +--------+--------+--------+--------+--------+-----+--------+
         Total |  10770 |   9487 |   1283 |    522 |   7121 |  10 | 1077.0 |
       Dungeon |  10068 |   8791 |   1277 |    513 |   6752 |   8 | 1258.5 |
        Temple |     15 |      9 |      6 |      0 |      0 |   1 |   15.0 |
       Ossuary |    686 |    686 |      0 |      9 |    369 |   1 |  686.0 |
               +--------+--------+--------+--------+--------+-----+--------+

Top non-repeatable levels by time:
     D:7: 2030 daAuts
     D:1: 1863 daAuts
     D:3: 1614 daAuts
     D:4: 1312 daAuts
     D:5: 1147 daAuts
     D:2: 906 daAuts
     D:6: 884 daAuts
 Ossuary: 686 daAuts
     D:8: 310 daAuts
  Temple: 15 daAuts
